 Dungeon Crawl Stone Soup version 0.27.0-1-g7a089689b8 (webtiles) character file.

Game seed: 12440947140285045383

170 Anothat the Shield-Bearer (level 5, -1/33 HPs)
             Began as a Gargoyle Fighter on July 31, 2021.
             Splashed by Ijyb's acid (13 damage)
             ... on level 4 of the Dungeon.
             The game lasted 00:02:36 (2976 turns).

Anothat the Shield-Bearer (Gargoyle Fighter)        Turns: 2976, Time: 00:02:37

Health: -1/33      AC: 10    Str: 20    XL:     5   Next: 51%
Magic:  5/5        EV:  5    Int:  9    God:
Gold:   107        SH:  9    Dex:  9    Spells: 4/4 levels left

rFire    . . .     SeeInvis .   a - +0 flail
rCold    . . .     Faith    .   c - +0 kite shield
rNeg     + . .     Spirit   .   q - +0 chain mail
rPois    ∞         Reflect  .   k - +1 hat
rElec    +         Harm     .   (no cloak)
rCorr    .         Rampage  .   (no gloves)
Will     .....                  (no boots)
Stlth    ..........             (no amulet)
HPRegen  0.11/turn              (no ring)
MPRegen  0.09/turn              (no ring)

@: corroded
A: sickness immunity, AC +4, negative energy resistance 1, electricity
resistance, torment resistance 1, petrification resistance
a: no special abilities


You were on level 4 of the Dungeon.
You visited 1 branch of the dungeon, and saw 4 of its levels.
You also visited: Sewer.

You collected 107 gold pieces.

Inventory:

Hand Weapons
 a - a +0 flail (weapon)
Armour
 b - a +0 scale mail
 c - a +0 kite shield (worn)
 k - a +1 hat (worn)
 q - a +0 chain mail (worn)
Jewellery
 h - a ring of willpower
 r - an amulet of faith
Scrolls
 e - 2 scrolls of fear {unknown}
 g - 3 scrolls of identify {unknown}
 i - a scroll of enchant weapon {unknown}
 j - a scroll of magic mapping {unknown}
 o - a scroll of noise {unknown}
Potions
 d - 3 potions of might
 f - a potion of resistance {unknown}
 l - a potion of mutation {unknown}
 m - a potion of haste {unknown}
 n - 2 potions of heal wounds
 p - 2 potions of flight


   Skills:
 + Level 4.1 Fighting
 * Level 3.8 Maces & Flails
 + Level 4.1 Armour
 + Level 4.2 Shields


You had 4 spell levels left.
You didn't know any spells.
Your spell library contained the following spells:

 Spells                   Type           Power      Damage    Failure   Level
 Summon Small Mammal      Summ           0%         N/A       100%        1
 Call Canine Familiar     Summ           0%         N/A       100%        3
 Summon Guardian Golem    Hex/Summ       0%         N/A       100%        3


Dungeon Overview and Level Annotations

Branches:
Dungeon (4/15)              Sewer (visited)
 Temple: D:4-7

Altars:
Dithmenos
Kikubaaqudgha

Shops:
D:3 [

Annotations:
D:2 1 runed translucent door, Crazy Yiuf
D:4 Ijyb


Innate Abilities, Weirdness & Mutations

You are immune to sickness and miasma.
Your stone body is resilient. (AC +4)
You are immune to poison.
You resist negative energy. (rN+)
You are resistant to electric shocks. (rElec)
You are resistant to unholy torment.
You are immune to petrification.


Message History

There is an open door here.
You now have 107 gold pieces (gained 8).
Done exploring.
Done exploring.
(D) Dungeon
Where to? (Enter - D:3 @ (x,y), ? - help)
You see here a +0 hand axe.
There is an open door here.
There is a stone staircase leading down here.
You climb downwards.
Found a scroll labelled ELLOHEUJUO.
There is a stone staircase leading up here.
Found a stone staircase leading up.
g - 3 scrolls labelled ELLOHEUJUO (gained 1) Ijyb the Twisted Goblin comes into view.
She is wielding a +0 club and carrying a wand of acid (11).
Ijyb shouts!
Found 13 gold pieces.
Found 30 stones.
An endoplasm comes into view.
The endoplasm quivers.
You barely miss Ijyb. Ijyb hits you but does no damage. x2
You closely miss Ijyb. Ijyb barely misses you.
You hit Ijyb.
Ijyb is lightly wounded.
The endoplasm hits you.
Ijyb zaps a wand.
The bolt of acid hits you!
You are splashed with acid!
* * * LOW HITPOINT WARNING * * *
The bolt of acid hits the endoplasm.
The endoplasm completely resists.
The endoplasm hits you but does no damage.
Ijyb hits you with a +0 club.
* * * LOW HITPOINT WARNING * * *
You are too injured to fight recklessly!
You feel much better. The endoplasm freezes you.
You are frozen.
Ijyb barely misses you.
You sock Ijyb!
Ijyb is heavily wounded.
The endoplasm barely misses you.
Ijyb zaps a wand.
The bolt of acid hits you! The acid corrodes you!
You are splashed with acid!
You die...

...... #..... .##.
#..... .... #....
#....# .. ##....
#.J .#... .....##.#
.#... #...#.##....
...#.g@J.#..#
.....(....?.#
.#...##.#...# ..
#.. ####...## ...
#...##.#.....###...
## ..........#.....
................
<..............#
...............#


You could see Ijyb and an endoplasm.

Vanquished Creatures
  A kobold brigand (Sewer)
  3 adders
  A worm (D:3)
  3 dart slugs
  An orc (D:3)
  An endoplasm (D:2)
  5 giant cockroaches
  A goblin (D:1)
  2 hobgoblins
  14 jackals
  11 kobolds
  2 quokkas
  2 ball pythons
  2 bats
  2 frilled lizards
  13 rats
64 creatures vanquished.

Notes
Turn   | Place    | Note
-------+----------+-------------------------------------------
     0 | D:1      | Anothat the Gargoyle Fighter began the quest for the Orb.
     0 | D:1      | Reached XP level 1. HP: 14/14 MP: 1/1
    59 | D:1      | Reached XP level 2. HP: 12/19 MP: 2/2
   813 | D:1      | Reached XP level 3. HP: 18/23 MP: 3/3
  1377 | D:2      | Found a runed translucent door.
  1378 | D:2      | Noticed Crazy Yiuf
  1977 | D:3      | Reached XP level 4. HP: 29/29 MP: 4/4
  1980 | D:3      | Found a faded altar of an unknown god.
  2244 | D:3      | Found Jerageitz's Antique Armour Shop.
  2317 | D:3      | Found a glowing drain.
  2381 | Sewer    | Entered a sewer
  2466 | Sewer    | Noticed a kobold brigand
  2488 | Sewer    | Killed a kobold brigand
  2489 | Sewer    | Reached XP level 5. HP: 32/33 MP: 5/5
  2557 | Sewer    | Found a white marble altar of Elyvilon.
  2844 | D:3      | Found an ancient bone altar of Kikubaaqudgha.
  2852 | D:3      | Found a shadowy altar of Dithmenos.
  2968 | D:4      | Noticed Ijyb
  2976 | D:4      | Splashed by Ijyb's acid

Illustrated notes

Levels and vault maps discovered:
D:1:      wander_arrival_peaceful_grave, layout_basic
D:2:      layout_basic, uniq_crazy_yiuf_cottage
D:3:      layout_basic, amethyst_overflow_temple_binary, portal_sewer_entry_c,
          hellmonk_ecumenical_altar_zigzags, serial_shops, shop
D:4:      layout_cave_pools, kennysheep_donut, minmay_vboxes, uniq_pikel,
          uniq_edmund, uniq_sigmund, uniq_ijyb

Skill      XL: |  1  2  3  4 |
---------------+-------------+-----
Maces & Flails | 3 |  3.8
Fighting       | 4 |  4.1
Armour         | 4 |  4.1
Shields        | 4 |  4.2

Action                   |  1- 3 |  4- 6 || total
-------------------------+-------+-------++-------
Melee: Flail             |   126 |   125 ||   251
  Use: Potion            |       |     1 ||     1
Armor: Scale mail        |   108 |    64 ||   172
       Chain mail        |       |     5 ||     5
Dodge: Dodged            |    60 |    38 ||    98
Block: Kite shield       |    85 |    71 ||   156
